 Dungeon Crawl Stone Soup version 0.20.1-1-g8b1a95d (webtiles) character file.

70 thedude7 the Skirmisher (level 4, -6/40 HPs)
             Began as a Hill Orc Fighter on Nov 5, 2017.
             Killed by nerve-wracking pain
             ... invoked by Grinder
              (10 damage)
             ... while paralysed by Grinder
             ... on level 3 of the Dungeon.
             The game lasted 00:05:57 (1075 turns).

thedude7 the Skirmisher (Hill Orc Fighter)          Turns: 1075, Time: 00:05:58

Health: -6/40      AC:  7    Str: 19    XL:     4   Next: 21%
Magic:  4/4        EV:  2    Int:  8    God:
Gold:   92         SH:  0    Dex: 10    Spells: 3/3 levels left

rFire    . . .     SeeInvis .   a - +0 war axe
rCold    . . .     Gourm    .   q - +0 buckler
rNeg     . . .     Faith    .   b - +0 scale mail
rPois    .         Spirit   .   (no helmet)
rElec    .         Reflect  .   (no cloak)
rCorr    .         Harm     .   (no gloves)
MR       .....                  (no boots)
Stlth    ..........             (no amulet)
Regen    0.2/turn               (no ring)
MPRegen  0.1/turn               (no ring)

@: paralysed
A: no striking features
a: no special abilities


You were on level 3 of the Dungeon.
You were hungry.

You visited 1 branch of the dungeon, and saw 3 of its levels.

You collected 92 gold pieces.

Inventory:

Hand Weapons
 a - a +0 war axe (weapon)
 t - a +0 war axe
 x - a +0 quarterstaff
 y - a +0 dagger
Missiles
 j - 34 bolts
 k - 16 sling bullets
 l - 56 arrows
 m - 14 poisoned needles
 o - a tomahawk (quivered)
 z - 18 stones
Armour
 b - a +0 scale mail (worn)
 c - a +0 shield
 q - a +0 buckler (worn)
 s - a +2 pair of boots
Jewellery
 n - a cursed ring of teleportation {unknown}
 r - a cursed amulet of inaccuracy {unknown}
Scrolls
 g - a scroll of enchant armour {unknown}
 i - a scroll of teleportation
 p - 4 scrolls of identify {unknown}
 w - a scroll of enchant weapon {unknown}
Potions
 d - a potion of might
 e - a potion of berserk rage {unknown}
 u - a potion of ambrosia {unknown}
 v - a potion of mutation {unknown}
Comestibles
 f - 2 bread rations
 h - 3 meat rations


   Skills:
 + Level 4.2 Fighting
 + Level 4.1 Axes
 + Level 3.7 Armour
 + Level 0.4 Dodging
 + Level 3.6 Shields


You had 3 spell levels left.
You didn't know any spells.

Dungeon Overview and Level Annotations

Branches:
Dungeon (3/15)

Altars:
Okawaru

Annotations:
D:3 Grinder


Message History

Throwing (i - inventory. (,) - cycle):
o - 2 tomahawks (quivered)
Press: ? - help, Shift-Dir - straight line, f/p - Grinder
Aim: Grinder (severely wounded)
You throw a tomahawk. The tomahawk hits Grinder!
Grinder is almost dead.
You closely miss Grinder.
Grinder is almost dead.
Grinder gestures at you.
You suddenly lose the ability to move!
Grinder gestures at you. You resist with significant effort.
Grinder gestures at you.
You shrug off the repeated paralysis!
Grinder hits you.
* * * LOW HITPOINT WARNING * * *
You writhe in agony.
* * * LOW HITPOINT WARNING * * *
Grinder gestures at you. Pain shoots through your body!
You die...

############
#.....((...# #...#
#...(......# #...#
#.....(....# #...#
#....5.....# #...###
#....@.....# #...#..
#....(.....#####...#..
#(.................#..
###...................
#?######.........#..
#. #.........#.. .>
#......####.. ###
######## ##. #.


You could see Grinder.

Vanquished Creatures
  2 adders (D:2)
  An ooze (D:3)
  3 worms
  A dart slug (D:1)
  A giant cockroach (D:1)
  4 goblins
  5 hobgoblins
  7 jackals (D:2)
  2 kobolds (D:1)
  5 bats
  A frilled lizard (D:1)
  5 rats
37 creatures vanquished.

Vanquished Creatures (others)
  A worm (D:1)
1 creature vanquished.

Grand Total: 38 creatures vanquished

Notes
Turn   | Place    | Note
-------+----------+-------------------------------------------
     0 | D:1      | thedude7 the Hill Orc Fighter began the quest for the Orb.
     0 | D:1      | Reached XP level 1. HP: 19/19 MP: 1/1
   108 | D:1      | Reached XP level 2. HP: 15/27 MP: 2/2
   621 | D:2      | Reached XP level 3. HP: 29/33 MP: 3/3
   650 | D:2      | Found an iron altar of Okawaru.
   754 | D:2      | Reached XP level 4. HP: 22/40 MP: 4/4
  1051 | D:3      | Noticed Grinder
  1071 | D:3      | Paralysed by Grinder for 6 turns
  1075 | D:3      | Killed from afar by Grinder

Skill      XL: |  1  2  3  4 |
---------------+-------------+-----
Fighting       | 4 |  4.2
Axes           | 3 4 |  4.1
Armour         | |  3.7
Dodging        | |  0.4
Shields        | |  3.6

Action                   |  1- 3 |  4- 6 || total
-------------------------+-------+-------++-------
Melee: War axe           |    70 |    35 ||   105
Throw: Tomahawk          |     6 |     9 ||    15
  Use: Scroll            |     1 |       ||     1
Armor: Scale mail        |    44 |    24 ||    68
Dodge: Dodged            |    34 |    18 ||    52
Block: Shield            |    33 |       ||    33
       Buckler           |     6 |    11 ||    17
